 Dungeon Crawl Stone Soup version 0.28-a0-1087-gf3fc490d9d (webtiles) character file.

Game seed: 9963226086347043526

619 RepHenryClay the Tainter (level 7, 0/61 HPs)
             Began as an Octopode Venom Mage on Dec 10, 2021.
             Slain by a centaur skeleton (1 damage)
             ... on level 5 of the Dungeon.
             The game lasted 00:08:07 (5664 turns).

RepHenryClay the Tainter (Octopode Venom Mage)      Turns: 5664, Time: 00:08:08

Health: 0/61       AC: -7    Str: 10    XL:     7   Next: 46%
Magic:  11/11      EV: 13    Int: 25    God:
Gold:   175        SH:  0    Dex: 13    Spells: 2/12 levels left

rFire   . . .      SeeInvis .   a - +1 short sword (venom)
rCold   . . .      Faith    .   (no shield)
rNeg    . . .      Spirit   .   (helmet restricted)
rPois   .          Reflect  .   (no amulet)
rElec   +          Harm     .   d - ring "Faajaxt" {*Corrode rElec Str+3 Int+6}
rCorr   .          Rampage  .   (no ring)
Will    .....                   (no ring)
Stlth   ..........              (no ring)
HPRegen 0.20/turn               (no ring)
MPRegen 0.12/turn               (no ring)
                                (no ring)
                                (no ring)

@: berserking, corroded, very quick
A: almost no armour, amphibious, 8 rings, camouflage 1, gelatinous body 1,
(nimble swimmer 1), tentacles
a: no special abilities


You were on level 5 of the Dungeon.
You visited 1 branch of the dungeon, and saw 5 of its levels.

You collected 175 gold pieces.

Inventory:

Hand Weapons
 a - a +1 short sword of venom (weapon)
 g - a +0 dagger of freezing
Magical Staves
 h - a staff of death
Jewellery
 d - the ring "Faajaxt" (left tentacle) {*Corrode rElec Str+3 Int+6}
   (You found it on level 5 of the Dungeon)

   [ring of intelligence]

   Str:       It affects your strength (+3).
   Int:       It affects your intelligence (+6).
   rElec:     It insulates you from electricity.
   *Corrode:  It may corrode you when you take damage.
Scrolls
 b - 3 scrolls of teleportation
 e - 2 scrolls of identify {@r1}
Potions
 c - 2 potions of degeneration
 f - 2 potions of curing
 i - a potion of brilliance {unknown}
 j - 2 potions of might {unknown}


   Skills:
 - Level 2.1 Dodging
 - Level 2.9 Stealth
 - Level 3.0 Spellcasting
 - Level 2.3 Conjurations
 - Level 1.1 Transmutations
 - Level 2.3 Air Magic
 + Level 8.2 Poison Magic


You had 2 spell levels left.
You knew the following spells:

 Your Spells              Type           Power      Damage    Failure   Level
a - Sting                 Tmut/Pois      100%       1d8       1%          1
b - Poisonous Vapours     Pois/Air       60%        N/A       1%          2
c - Mephitic Cloud        Conj/Pois/Air  25%        N/A       4%          3
d - Olgreb's Toxic Radia  Pois           45%        N/A       3%          4

Your spell library contained the following spells:

 Spells                   Type           Power      Damage    Failure   Level


Dungeon Overview and Level Annotations

Branches:
Dungeon (5/15)
 Temple: D:4-7

Altars:
Nemelex Xobeh
The Shining One

Annotations:
D:4 unfinished


Innate Abilities, Weirdness & Mutations

You cannot wear most types of armour.
You are amphibious.
You can wear up to eight rings at the same time.
Your skin changes colour to match your surroundings (Stealth+).
Your rubbery body absorbs attacks. (AC +1, EV +1)
((You are camouflaged near water. (Stealth+)))
You have tentacles for arms and can constrict up to eight enemies at once.


Message History

The centaur skeleton is heavily damaged.
The centaur skeleton misses you.
The centaur skeleton closely misses you.
You hit the centaur skeleton but do no damage.
The centaur skeleton is heavily damaged.
The centaur skeleton hits you.
* * * LOW HITPOINT WARNING * * *
The centaur skeleton kicks you.
* * * LOW HITPOINT WARNING * * *
The centaur skeleton barely misses you. The centaur skeleton kicks you.
* * * LOW HITPOINT WARNING * * *
Your corrosive artefact corrodes you!
Huge Dmg: -22%(-9hp) hp: 20%(8hp)
You hit the centaur skeleton but do no damage.
The centaur skeleton is heavily damaged.
The centaur skeleton hits you.
* * * LOW HITPOINT WARNING * * *
The centaur skeleton misses you.
Damage: -2%(-1hp) hp: 18%(7hp) Unknown command.
A red film seems to cover your vision as you go berserk!
You feel yourself moving faster!
You feel mighty! The centaur skeleton barely misses you.
The centaur skeleton kicks you.
* * * LOW HITPOINT WARNING * * *
The centaur skeleton misses you. The centaur skeleton kicks you.
* * * LOW HITPOINT WARNING * * *
You hit the centaur skeleton but do no damage.
You squeeze the centaur skeleton.
The centaur skeleton is heavily damaged.
You hit the centaur skeleton.
The centaur skeleton is severely damaged.
The centaur skeleton misses you. The centaur skeleton kicks you.
* * * LOW HITPOINT WARNING * * *
Damage: -2%(-1hp) hp: 10%(6hp)
You hit the centaur skeleton.
The centaur skeleton is almost destroyed.
The centaur skeleton hits you.
* * * LOW HITPOINT WARNING * * *
The centaur skeleton kicks you.
You die...

..... #...# ##...#
..... . #)..# ..
#...# ##' #.Z.#
#####
....##..@##....#
.....'.))......##
....##...##.....#
.. #...##.....#
#..........#
#..........# ...
#...)......#......
#..........#.....
#...#..######..#
+###


You could see a centaur skeleton.

Vanquished Creatures
  An ogre (D:4)
  A centaur (D:5)
  2 scorpions (D:4)
  A jelly (D:4)
  An orc priest (D:5)
  2 hounds (D:5)
  An iguana (D:4)
  An orc wizard (D:5)
  8 adders
  2 adder skeletons (D:4)
  An adder zombie (D:5)
  2 dart slugs
  4 orcs
  4 ball pythons
  6 bats
  6 endoplasms
  4 giant cockroaches
  3 goblins
  6 hobgoblins
  7 jackals (D:1)
  3 quokkas
  3 frilled lizards
  10 kobolds
  6 rats
85 creatures vanquished.

Vanquished Creatures (others)
  4 plants (D:2)
4 creatures vanquished.

Grand Total: 89 creatures vanquished

Notes
Turn   | Place    | Note
-------+----------+-------------------------------------------
     0 | D:1      | RepHenryClay the Octopode Venom Mage began the quest for
                  | the Orb.
     0 | D:1      | Reached XP level 1. HP: 11/11 MP: 3/3
   182 | D:1      | Reached XP level 2. HP: 17/17 MP: 3/5
   190 | D:1      | Reached skill level 4 in Poison Magic
   895 | D:1      | Reached XP level 3. HP: 21/21 MP: 0/6
  1235 | D:1      | Found a faded altar of an unknown god.
  1515 | D:2      | Reached skill level 5 in Poison Magic
  1698 | D:2      | Learned a level 2 spell: Poisonous Vapours
  1702 | D:2      | Learned a level 3 spell: Mephitic Cloud
  2244 | D:3      | Reached XP level 4. HP: 24/27 MP: 5/7
  2430 | D:3      | Reached skill level 1 in Conjurations
  2430 | D:3      | Reached skill level 1 in Air Magic
  3081 | D:4      | Noticed a scorpion
  3085 | D:4      | Killed a scorpion
  3086 | D:4      | Reached XP level 5. HP: 31/31 MP: 1/9
  3855 | D:4      | Noticed an ogre
  3878 | D:4      | Reached XP level 6. HP: 36/36 MP: 8/10
  3923 | D:4      | Noticed a necrophage
  4059 | D:4      | Reached skill level 6 in Poison Magic
  4285 | D:4      | Learned a level 4 spell: Olgreb's Toxic Radiance
  4509 | D:4      | Found a sparkling altar of Nemelex Xobeh.
  4512 | D:4      | Found a glowing golden altar of the Shining One.
  4707 | D:5      | Entered Level 5 of the Dungeon
  4816 | D:5      | Identified the ring "Faajaxt" {*Corrode rElec Str+3 Int+6}
  4982 | D:5      | Reached skill level 7 in Poison Magic
  4982 | D:5      | Reached XP level 7. HP: 38/41 MP: 2/11
  5293 | D:5      | Reached skill level 8 in Poison Magic
  5664 | D:5      | HP: 1/61 [centaur skeleton (5)]
  5664 | D:5      | Slain by a centaur skeleton

Illustrated notes

Levels and vault maps discovered:
D:1:      dpeg_arrival_rooms_with_view, layout_basic,
          dreamdust_ecumenical_altar_angels_and_demons
D:2:      layout_rooms, serial_forest, infiniplex_forest_end_2,
          infiniplex_forest_clump_small, infiniplex_forest_clump_long,
          infiniplex_forest_end_2, infiniplex_forest_clump_double,
          grunt_ministairs_6
D:3:      layout_basic, nicolae_concentric_dashed_squares_mild, st_stairs_1
D:4:      layout_gridville, chequers_temple_overflow_statue_of_worship,
          minmay_misc_feat_x, ebering_dispersal_statue_hall, minivault_26
D:5:      layout_gridville, kennysheep_mini

Skill      XL: |  1  2  3  4  5  6  7 |
---------------+----------------------+-----
Poison Magic   | 4 5 7 8 |  8.2
Conjurations   | 1 2 |  2.3
Air Magic      | 1 2 |  2.3
Spellcasting   | 3 |  3.0
Dodging        | |  2.1
Stealth        | |  2.9
Transmutations | |  1.1

Action                   |  1- 3 |  4- 6 |  7- 9 || total
-------------------------+-------+-------+-------++-------
Melee: Unarmed           |    22 |       |       ||    22
       Constrict         |    12 |     8 |       ||    20
       Tentacles         |     7 |     6 |     2 ||    15
       Dagger            |    23 |    14 |       ||    37
       Short sword       |       |    20 |    11 ||    31
 Cast: Sting             |    53 |    67 |    19 ||   139
       Poisonous Vapours |       |     5 |     2 ||     7
       Olgreb's Toxic Ra |       |       |     2 ||     2
       Mephitic Cloud    |       |       |     1 ||     1
  Use: Potion            |       |     2 |     1 ||     3
       Scroll            |       |     6 |       ||     6
 Stab: Sleeping          |       |     3 |       ||     3
Armor: Skin              |     5 |     4 |       ||     9
Dodge: Dodged            |    36 |    60 |    21 ||   117

Table legend: (Time is in decaauts)
 A = Elapsed time spent in this place.
 B = Non-inter-level travel time spent in this place.
 C = Inter-level travel time spent in this place.
 D = Time resting spent in this place.
 E = Time spent auto-exploring this place.
 F = Levels seen in this place.
 G = Mean time per level.
                   A        B        C        D        E       F      G
               +--------+--------+--------+--------+--------+-----+--------+
         Total |   5649 |   5355 |    294 |    895 |   3678 |   5 | 1129.8 |
       Dungeon |   5649 |   5355 |    294 |    895 |   3678 |   5 | 1129.8 |
               +--------+--------+--------+--------+--------+-----+--------+

Top non-repeatable levels by time:
     D:4: 1546 daAuts
     D:1: 1432 daAuts
     D:3: 989 daAuts
     D:5: 956 daAuts
     D:2: 723 daAuts
